[Event "Mästar Elit"]
[Site "Växjö"]
[Date "2008.07.08"]
[Round "10"]
[White "Nilsson, Sebastian"]
[Black "Couso, Luis"]
[Result "0-1"]
[ECO "A83"]
[WhiteElo "2215"]
[BlackElo "2315"]
[PlyCount "120"]
[TimeControl "40/7200:20/3600:1800"]

1. e4 c5 2. Nf3 e6 3. d4 cxd4 4. Nxd4 a6 5. Bd3 Qb6 6. c3 Qc7 7. O-O Nf6 8. Qe2
d6 9. c4 Be7 10. Nc3 b6 11. Bd2 Bb7 12. Kh1 Nc6 13. Nxc6 Bxc6 14. Rae1 Ra7 15.
f4 h5 16. Be3 Qb8 17. Bd4 Rd7 18. a4 h4 19. Qe3 h3 20. gxh3 Bd8 21. Qf3 Re7 22.
Rg1 e5 23. fxe5 dxe5 24. Bf2 Nh5 25. Bf1 Re6 26. Be3 g6 27. b3 Nf4 28. Nd5 g5
29. Rg4 Reh6 30. Bxf4 exf4 31. h4 Qe5 32. Bh3 b5 33. axb5 axb5 34. Rg2 Rxh4 35.
Bg4 Kf8 36. Rd1 Be7 37. cxb5 Bxb5 38. Rc1 Rxh2+ 39. Rxh2 Rxh2+ 40. Kxh2 Qb2+
41. Qg2 Qxc1 42. Nxe7 Kxe7 43. Bf5 f6 44. Qa2 Qc7 45. Kg2 Bd3 46. Kf3 Bc2 47.
Qa3+ Kf7 48. b4 Bd1+ 49. Kf2 g4 50. Ke1 Bf3 51. b5 Qb6 52. Qb3+ Kg7 53. Kf1 Qc5
54. Qd3 Qc1+ 55. Kf2 Qb2+ 56. Ke1 Kh6 57. Qd2 Qb1+ 58. Kf2 Kg5 59. Bxg4 Bxg4
60. Qd5+ Kh4 0-1

[Event "Mästar Elit"]
[Site "Växjö"]
[Date "2008.07.08"]
[Round "10"]
[White "Bejtovic, Jasmin"]
[Black "Ebenfelt, Anders"]
[Result "0-1"]
[ECO "C45"]
[WhiteElo "2364"]
[BlackElo "2272"]
[PlyCount "176"]
[TimeControl "40/7200:20/3600:1800"]

1. e4 e5 2. Nf3 Nc6 3. d4 exd4 4. Nxd4 Nf6 5. Nxc6 bxc6 6. e5 Qe7 7. Qe2 Nd5 8.
c4 Nb6 9. Nc3 a5 10. Bd2 a4 11. Qe4 Ba6 12. Bd3 g6 13. O-O Bg7 14. b3 O-O 15.
f4 Bb7 16. Qf3 f6 17. exf6 Bxf6 18. Rae1 Qf7 19. Ne4 Bd4+ 20. Kh1 axb3 21. axb3
Kh8 22. Qh3 c5 23. f5 gxf5 24. Bh6 Qg6 25. Ng3 Rf7 26. Nxf5 Rg8 27. Ng7 Rxf1+
28. Rxf1 Bxg2+ 29. Qxg2 Qxd3 30. Re1 Qxb3 31. Qe4 Qxc4 32. Nf5 Qd5 33. Qxd5
Nxd5 34. Rd1 Nc3 35. Re1 Ne4 36. Bg7+ Rxg7 37. Nxg7 Nf2+ 38. Kg2 Kxg7 39. Re7+
Kg6 40. Rxd7 Ng4 41. Rxc7 Ne5 42. Kg3 h5 43. Kf4 Kf6 44. Ke4 Kg5 45. Rg7+ Kh4
46. Rh7 Ng4 47. Kf5 Nf6 48. Ra7 Kh3 49. Ra2 Ng4 50. Kg5 h4 51. Ra3+ Ne3 52. Rd3
Kxh2 53. Kxh4 Kg2 54. Kg5 Kf3 55. Ra3 Ke4 56. Ra8 c4 57. Rc8 c3 58. Kg6 c2 59.
Kf7 Bb2 60. Ke6 c1=Q 61. Rxc1 Bxc1 62. Kd6 Ba3+ 63. Kc6 Ke5 64. Kb6 Kd5 65. Kc7
Nc4 66. Kb7 Bd6 67. Ka7 Kc6 68. Ka8 Nb6+ 69. Ka7 Bf4 70. Ka6 Bb8 71. Ka5 Nd5
72. Ka6 Nb4+ 73. Ka5 Kc5 74. Ka4 Kc4 75. Ka5 Bc7+ 76. Ka4 Nd3 77. Ka3 Bb6 78.
Ka4 Nb2+ 79. Ka3 Kc3 80. Ka2 Bc5 81. Kb1 Nd3 82. Ka2 Bb4 83. Kb1 Kb3 84. Ka1
Ba3 85. Kb1 Nc5 86. Ka1 Na4 87. Kb1 Nc3+ 88. Ka1 Bb2# 0-1

[Event "Mästar Elit"]
[Site "Växjö"]
[Date "2008.07.08"]
[Round "10"]
[White "Vas, Peter"]
[Black "Landgren, Andreas"]
[Result "1/2-1/2"]
[ECO "B54"]
[WhiteElo "2196"]
[BlackElo "2198"]
[PlyCount "109"]
[TimeControl "40/7200:20/3600:1800"]

1. e4 c5 2. Nf3 d6 3. d4 cxd4 4. Nxd4 Nf6 5. f3 e5 6. Nb3 Be6 7. c4 a5 8. Be3
a4 9. N3d2 Be7 10. Nc3 Qa5 11. Rc1 O-O 12. Be2 Bd8 13. Ndb1 Ne8 14. Qd2 Bb6 15.
Kf2 Nc6 16. Nb5 Bxe3+ 17. Qxe3 f5 18. exf5 Rxf5 19. Rhd1 Nf6 20. Kg1 d5 21.
cxd5 Nxd5 22. Qc5 Nf4 23. Bc4 Bxc4 24. Qxc4+ Kh8 25. Nd6 Rf6 26. Kh1 Qc7 27.
Ne4 Rg6 28. g3 Ne6 29. Rd6 Qf7 30. Nbd2 Ncd4 31. Qd5 Rf8 32. Nc5 Qf5 33. Nxe6
Nxe6 34. Qe4 Qh5 35. Re1 Ng5 36. Qxe5 Rxd6 37. Qxd6 Qf7 38. f4 Re8 39. Re5 Rxe5
40. Qxe5 Ne6 41. Ne4 h6 42. Nd6 Qd7 43. Kg2 b6 44. Qd5 Qe7 45. Nc4 Nc5 46. Ne5
Kh7 47. h4 Qa7 48. h5 Qa5 49. Kf3 Qe1 50. Qd4 Qf1+ 51. Kg4 Qe2+ 52. Kh4 Qh2+
53. Kg4 Qe2+ 54. Kh4 Qh2+ 55. Kg4 1/2-1/2

[Event "Mästar Elit"]
[Site "Växjö"]
[Date "2008.07.08"]
[Round "10"]
[White "Henriksson, Jacob"]
[Black "Glimbrant, Torbjörn"]
[Result "1/2-1/2"]
[ECO "E94"]
[WhiteElo "2241"]
[BlackElo "2228"]
[PlyCount "109"]
[TimeControl "40/7200:20/3600:1800"]

1. d4 Nf6 2. c4 g6 3. Nc3 Bg7 4. e4 d6 5. Nf3 O-O 6. Be2 e5 7. O-O Na6 8. Qc2
exd4 9. Nxd4 Re8 10. Bg5 h6 11. Be3 Nc5 12. f3 a5 13. Rad1 Bd7 14. Kh1 a4 15.
Ndb5 Bxb5 16. Bxc5 Bc6 17. Bd4 Nh5 18. Bxg7 Kxg7 19. f4 Qh4 20. Bxh5 Qxh5 21.
Nd5 Bxd5 22. cxd5 Kg8 23. a3 Re7 24. Rde1 Qg4 25. Re3 Qd7 26. Qf2 Rae8 27. f5
g5 28. Qe2 Re5 29. Qh5 f6 30. Qxh6 Qg7 31. Qh5 R8e7 32. Qe2 c6 33. dxc6 bxc6
34. Qc4+ d5 35. Qxc6 dxe4 36. Qxa4 g4 37. Qc4+ Qf7 38. Qe2 Qh5 39. h3 Rg7 40.
Rxe4 Rxe4 41. Qxe4 gxh3 42. g4 Qh4 43. Kh2 Rc7 44. Rf3 Kg7 45. Qd3 Qe1 46. g5
Qe5+ 47. Kxh3 fxg5 48. f6+ Kf8 49. Qg6 g4+ 50. Kxg4 Rc4+ 51. Kh3 Rh4+ 52. Kxh4
Qh2+ 53. Kg4 Qf4+ 54. Kh3 Qh2+ 55. Kxh2 1/2-1/2

[Event "Mästar Elit"]
[Site "Växjö"]
[Date "2008.07.08"]
[Round "10"]
[White "Semcesen, Daniel"]
[Black "Jansson, Anders Owen"]
[Result "1/2-1/2"]
[ECO "A21"]
[WhiteElo "2349"]
[BlackElo "2189"]
[PlyCount "93"]
[TimeControl "40/7200:20/3600:1800"]

1. d4 d6 2. c4 e5 3. Nf3 e4 4. Nfd2 f5 5. Nc3 Nf6 6. e3 Be7 7. f3 exf3 8. Nxf3
O-O 9. Bd3 c6 10. O-O Na6 11. a3 Nc7 12. Qc2 g6 13. e4 fxe4 14. Nxe4 Nxe4 15.
Bxe4 Bf5 16. Bh6 Bxe4 17. Qxe4 Rf7 18. Qg4 Bf8 19. Bxf8 Rxf8 20. Rae1 Rf5 21.
h4 Qf6 22. Ng5 h6 23. Rxf5 Qxf5 24. Qxf5 gxf5 25. Re7 hxg5 26. Rxc7 gxh4 27.
Rxb7 a5 28. Rb6 Rc8 29. Ra6 Rb8 30. Rxc6 Rxb2 31. Rxd6 Rb3 32. Rd5 Rxa3 33.
Rxf5 a4 34. Ra5 Rd3 35. d5 a3 36. Kh2 Kf7 37. d6 Ke6 38. c5 Rc3 39. Kg1 Rc1+
40. Kh2 Rc3 41. Kg1 Rc1+ 42. Kh2 Rc3 43. Kg1 Rc1+ 44. Kh2 Rc3 45. Kg1 Rc1+ 46.
Kh2 Rc3 47. Kg1 1/2-1/2

[Event "Mästar Elit"]
[Site "Växjö"]
[Date "2008.07.08"]
[Round "10"]
[White "Wickström, Lucas"]
[Black "Lind, Jan-Olov"]
[Result "1-0"]
[ECO "A56"]
[WhiteElo "2090"]
[BlackElo "2206"]
[PlyCount "65"]
[TimeControl "40/7200:20/3600:1800"]

1. d4 Nf6 2. c4 c5 3. d5 e5 4. Nc3 d6 5. e4 Be7 6. h3 Nbd7 7. Bd3 a6 8. Be3 O-O
9. g4 Ne8 10. Qd2 g6 11. Nge2 Ng7 12. Ng3 b5 13. cxb5 Nb6 14. Bh6 axb5 15. Nxb5
Ra4 16. b3 Rb4 17. Na3 Nd7 18. Rg1 Kh8 19. O-O-O Nf6 20. Kb2 Ng8 21. Be3 f5 22.
gxf5 gxf5 23. exf5 Nxf5 24. Nxf5 Bxf5 25. Bh6 Nxh6 26. Qxh6 Bf6 27. Bxf5 Rh4
28. Qd2 e4+ 29. Kb1 Qa8 30. Nc2 Rb8 31. Rg3 e3 32. Qxe3 Ra4 33. Qh6 1-0

[Event "Mästar Elit"]
[Site "Växjö"]
[Date "2008.07.09"]
[Round "11"]
[White "Lind, Jan-Olov"]
[Black "Henriksson, Jacob"]
[Result "0-1"]
[ECO "C44"]
[WhiteElo "2206"]
[BlackElo "2241"]
[PlyCount "88"]
[TimeControl "40/7200:20/3600:1800"]

1. e4 e5 2. Nf3 Nc6 3. Be2 Nf6 4. d3 Be7 5. O-O O-O 6. c3 d5
7. Nbd2 Bg4 8. Re1 Re8 9. Qc2 Bh5 10. Bf1 Bc5 11. b4 dxe4 12. dxe4 Bb6 13. a4
a5 14. b5 Nb8 15. Ba3 Nbd7 16. Rad1 Bc5 17. Bxc5 Nxc5 18. Nc4 Qe7 19. Ncxe5
Nfxe4 20. Kh1 Qf6 21. Rc1 Bxf3 22. Nxf3 Rad8 23. Kg1 b6 24. Nd4 g6 25. g3 Nd6
26. Nc6 Rxe1 27. Rxe1 Re8 28. Rxe8+ Nxe8 29. Bg2 Nd6 30. h4 h5 31. Bd5 Kg7 32.
f4 Qf5 33. Qd1 Qd3 34. Qxd3 Nxd3 35. Bb3 Ne4 36. Bc2 Ndc5 37. Kg2 Nxc3 38. f5
N5xa4 39. fxg6 fxg6 40. Ne7 Nc5 41. Nxg6 a4 42. g4 a3 43. gxh5 a2 44. Ne7 a1=Q
0-1

[Event "Mästar Elit"]
[Site "Växjö"]
[Date "2008.07.09"]
[Round "11"]
[White "Landgren, Andreas"]
[Black "Nilsson, Sebastian"]
[Result "0-1"]
[ECO "D31"]
[WhiteElo "2198"]
[BlackElo "2215"]
[PlyCount "82"]
[TimeControl "40/7200:20/3600:1800"]

1. d4 d5 2. c4 e6 3. Nc3 c6 4. Nf3 dxc4 5. Bg5 f6 6. Bd2 Bb4 7. e3 b5 8. a4 Bb7
9. axb5 Bxc3 10. Bxc3 cxb5 11. b3 a5 12. bxc4 b4 13. Bb2 Qd7 14. Bd3 Ne7 15.
Qb1 h6 16. h4 O-O 17. Rh3 a4 18. g4 Qc7 19. g5 fxg5 20. Ne5 gxh4 21. Bh7+ Kh8
22. d5 exd5 23. Rxh4 Ra6 24. Rxa4 Re6 25. Rxb4 Nbc6 26. cxd5 Nxd5 27. Ng6+ Rxg6
28. Qxg6 Ne5 29. Bxe5 Qc1+ 30. Ke2 Rxf2+ 31. Kxf2 Qd2+ 32. Kg3 Qxe3+ 33. Kh2
Qxe5+ 34. Qg3 Qe2+ 35. Kh3 Bc8+ 36. Rbg4 Kxh7 37. Rh5 Nf6 38. Kh4 Bxg4 39. Re5
g5+ 40. Rxg5 hxg5+ 41. Kxg5 Ne4+ 0-1

[Event "Mästar Elit"]
[Site "Växjö"]
[Date "2008.07.09"]
[Round "11"]
[White "Jansson, Anders Owen"]
[Black "Evertsson, Lennart"]
[Result "0-1"]
[ECO "A44"]
[WhiteElo "2189"]
[BlackElo "2170"]
[PlyCount "74"]
[TimeControl "40/7200:20/3600:1800"]

1. d4 c5 2. d5 e5 3. e4 d6 4. c4 Ne7 5. Nc3 Ng6 6. Nf3 Be7 7. Bd3 Nd7 8. Bc2 a6
9. Be3 Rb8 10. O-O h5 11. a3 h4 12. b4 b6 13. Rb1 Qc7 14. Nd2 cxb4 15. axb4 Nf6
16. Ba4+ Kf8 17. f3 b5 18. Bb3 Nh5 19. Ne2 Ngf4 20. cxb5 axb5 21. Nxf4 Nxf4 22.
Rb2 Qc3 23. Ba7 Qxb2 24. Bxb8 Qd4+ 25. Kh1 Qb6 26. Qc2 Qxb8 27. Rc1 Bd7 28. Nf1
Bd8 29. Ne3 Bb6 30. Nf5 g6 31. Nxh4 Rxh4 32. g3 Bh3 33. gxf4 Rxf4 34. Qe2 Qd8
35. Rc6 Bd4 36. Rc1 Qg5 37. Bc2 Rxe4 0-1

[Event "Mästar Elit"]
[Site "Växjö"]
[Date "2008.07.09"]
[Round "11"]
[White "Glimbrant, Torbjörn"]
[Black "Bejtovic, Jasmin"]
[Result "1/2-1/2"]
[ECO "E92"]
[WhiteElo "2228"]
[BlackElo "2364"]
[PlyCount "47"]
[TimeControl "40/7200:20/3600:1800"]

1. d4 Nf6 2. Nf3 g6 3. c4 Bg7 4. Nc3 O-O 5. e4 d6 6. Be2 e5 7. Be3 exd4 8. Nxd4
Re8 9. f3 c6 10. Bf2 Nbd7 11. O-O Qe7 12. Re1 a5 13. Qd2 Ne5 14. Rad1 Nh5 15.
Na4 Be6 16. Nxe6 Qxe6 17. Qxd6 Qxd6 18. Rxd6 Nf4 19. Bf1 Nh3+ 20. gxh3 Nxf3+
21. Kg2 Nxe1+ 22. Bxe1 Rxe4 23. Bc3 Re7 24. Bxg7 1/2-1/2

[Event "Mästar Elit"]
[Site "Växjö"]
[Date "2008.07.09"]
[Round "11"]
[White "Couso, Luis"]
[Black "Wickström, Lucas"]
[Result "1/2-1/2"]
[ECO "A64"]
[WhiteElo "2315"]
[BlackElo "2090"]
[PlyCount "41"]
[TimeControl "40/7200:20/3600:1800"]

1. d4 Nf6 2. c4 e6 3. Nc3 c5 4. d5 exd5 5. cxd5 d6 6. Nf3 g6 7. g3 Bg7 8. Bg2
O-O 9. O-O a6 10. a4 Re8 11. Nd2 Nbd7 12. Nc4 Ne5 13. Ne3 Nfg4 14. Nxg4 Bxg4
15. h3 Bd7 16. Ne4 Qe7 17. Bg5 f6 18. Bf4 Nf7 19. g4 h5 20. e3 h4 21. a5
1/2-1/2

[Event "Mästar Elit"]
[Site "Växjö"]
[Date "2008.07.09"]
[Round "11"]
[White "Ebenfelt, Anders"]
[Black "Semcesen, Daniel"]
[Result "1/2-1/2"]
[ECO "B01"]
[WhiteElo "2272"]
[BlackElo "2349"]
[PlyCount "29"]
[TimeControl "40/7200:20/3600:1800"]

1. e4 d5 2. exd5 Qxd5 3. Nc3 Qa5 4. d4 Nf6 5. Bc4 c6 6. Nge2 Bf5 7. O-O e6 8.
Bf4 Nbd7 9. Ng3 Bg6 10. Qe2 Be7 11. Rfe1 O-O 12. Nce4 Nxe4 13. Nxe4 Nf6 14.
Nxf6+ Bxf6 15. c3 1/2-1/2

[Event "Mästar Elit"]
[Site "Växjö"]
[Date "2008.07.10"]
[Round "12"]
[White "Wickström, Lucas"]
[Black "Landgren, Andreas"]
[Result "1-0"]
[ECO "B87"]
[WhiteElo "2090"]
[BlackElo "2198"]
[PlyCount "37"]
[TimeControl "40/7200:20/3600:1800"]

1. e4 c5 2. Nf3 d6 3. d4 cxd4 4. Nxd4 Nf6 5. Nc3 a6 6. Bc4 b5
7. Bb3 e6 8. Bg5 Be7 9. Qf3 Qb6 10. O-O-O O-O 11. Rhe1 Bd7 12. Qg3 b4 13. Na4
Qa5 14. e5 Nh5 15. Qh4 Bxg5+ 16. Qxg5 Nf6 17. Nf5 Ne8 18. Nh6+ Kh8 19. Qe7 1-0

[Event "Mästar Elit"]
[Site "Växjö"]
[Date "2008.07.10"]
[Round "12"]
[White "Evertsson, Lennart"]
[Black "Ebenfelt, Anders"]
[Result "1-0"]
[ECO "A52"]
[WhiteElo "2170"]
[BlackElo "2272"]
[PlyCount "73"]
[TimeControl "40/7200:20/3600:1800"]

1. d4 Nf6 2. c4 e5 3. dxe5 Ng4 4. e4 Nxe5 5. f4 Nec6 6. Be3 Na6 7. Nf3 Bc5 8.
Qd2 d6 9. Nc3 O-O 10. O-O-O Re8 11. Bd3 Ncb4 12. Bb1 Bxe3 13. Qxe3 Nc5 14. Rhe1
Be6 15. Nd5 Bxd5 16. cxd5 c6 17. Qc3 a5 18. Rd4 cxd5 19. exd5 Rc8 20. Rxe8+
Qxe8 21. Kd2 Nxd5 22. Qa3 Nb4 23. Bf5 Rc7 24. Qxa5 Nba6 25. b4 g6 26. Bb1 Ne6
27. Rxd6 Nxf4 28. Ne5 Qe7 29. Rd4 Nxg2 30. Re4 Qg5+ 31. Ke2 Nf4+ 32. Kf3 Rc3+
33. Re3 Qg2+ 34. Kxf4 g5+ 35. Kf5 Rxe3 36. Qd8+ Kg7 37. Qf6+ 1-0

[Event "Mästar Elit"]
[Site "Växjö"]
[Date "2008.07.10"]
[Round "12"]
[White "Bejtovic, Jasmin"]
[Black "Lind, Jan-Olov"]
[Result "0-1"]
[ECO "B71"]
[WhiteElo "2363"]
[BlackElo "2206"]
[PlyCount "82"]
[TimeControl "40/7200:20/3600:1800"]

1. e4 c5 2. Nf3 d6 3. d4 cxd4 4. Nxd4 Nf6 5. Nc3 g6 6. f4 Nc6 7. Nxc6 bxc6 8.
e5 Nd7 9. exd6 exd6 10. Be3 Nf6 11. Qd2 Be7 12. Be2 O-O 13. O-O Qa5 14. Bf3 Qa6
15. Rae1 d5 16. Bd4 Bd8 17. Be2 Qa5 18. f5 Bb6 19. fxg6 fxg6 20. Kh1 Bxd4 21.
Qxd4 Qb6 22. Qh4 Qd8 23. Bd3 a5 24. Na4 Ra7 25. Rf3 Raf7 26. Nc5 Qd6 27. Ref1
Qe5 28. c3 Bg4 29. R3f2 Kg7 30. Bc2 g5 31. Nd3 Qe3 32. Qg3 Qxg3 33. hxg3 Re7
34. Nc5 Re3 35. Kh2 Be2 36. Bf5 Bxf1 37. Rxf1 Rfe8 38. g4 h6 39. Nb3 a4 40. Nd4
c5 41. Nc2 Re2 0-1

[Event "Mästar Elit"]
[Site "Växjö"]
[Date "2008.07.10"]
[Round "12"]
[White "Henriksson, Jacob"]
[Black "Couso, Luis"]
[Result "1/2-1/2"]
[ECO "E34"]
[WhiteElo "2241"]
[BlackElo "2315"]
[PlyCount "115"]
[TimeControl "40/7200:20/3600:1800"]

1. d4 Nf6 2. c4 e6 3. Nc3 Bb4 4. Qc2 d5 5. cxd5 Qxd5 6. Nf3 Qf5 7. Qxf5 exf5 8.
a3 Bd6 9. Bg5 Nbd7 10. e3 a6 11. Bd3 h6 12. Bh4 g6 13. Bg3 Nb6 14. Bxd6 cxd6
15. O-O Be6 16. Nd2 Rc8 17. Rac1 Ke7 18. f3 Nfd5 19. Nxd5+ Nxd5 20. Kf2 b5 21.
e4 fxe4 22. fxe4 Nb6 23. Ke3 Na4 24. b3 Nb6 25. b4 f5 26. g3 fxe4 27. Bxe4 Nd5+
28. Kd3 g5 29. Bxd5 Bxd5 30. Rce1+ Kd7 31. Rf6 Rcf8 32. Ref1 Rxf6 33. Rxf6 Ke7
34. Rf1 Rc8 35. Re1+ Kf6 36. Ne4+ Bxe4+ 37. Rxe4 Rc1 38. Re3 Ra1 39. Ke4 Ke6
40. d5+ Kf6 41. g4 Rd1 42. h3 Rf1 43. Kd4 Kf7 44. Ke4 Rf4+ 45. Kd3 h5 46. gxh5
Rh4 47. Re6 Rxh5 48. Rxd6 Rxh3+ 49. Ke4 Rxa3 50. Kf5 Ke7 51. Re6+ Kd7 52. Kxg5
Rd3 53. Rxa6 Rxd5+ 54. Kf4 Rd4+ 55. Ke3 Rxb4 56. Kd3 Rc4 57. Rb6 Rc5 58. Kd4
1/2-1/2

[Event "Mästar Elit"]
[Site "Växjö"]
[Date "2008.07.10"]
[Round "12"]
[White "Vas, Peter"]
[Black "Nilsson, Sebastian"]
[Result "1-0"]
[ECO "B85"]
[WhiteElo "2196"]
[BlackElo "2215"]
[PlyCount "119"]
[TimeControl "40/7200:20/3600:1800"]

1. e4 c5 2. Nf3 d6 3. d4 Nf6 4. Nc3 cxd4 5. Nxd4 a6 6. Be2 e6 7. O-O Be7 8. Be3
O-O 9. a4 Qc7 10. f4 Nc6 11. Qe1 Bd7 12. Qg3 Rac8 13. Kh1 d5 14. exd5 exd5 15.
Bf3 Nb4 16. Rad1 Rfe8 17. Rfe1 Kh8 18. Re2 Bc5 19. Bg1 Bd6 20. Rxe8+ Rxe8 21.
Nde2 Bf5 22. Bd4 Qe7 23. Rd2 Nxc2 24. Nxd5 Qe6 25. Nxf6 gxf6 26. Bd5 Qe7 27.
Bc3 Bb4 28. Ng1 Ne3 29. Bxb4 Qxb4 30. Re2 Qe7 31. Re1 Bd7 32. Qf3 Bg4 33. Rxe3
Bxf3 34. Rxe7 Bxg2+ 35. Kxg2 Rxe7 36. Kf3 b5 37. axb5 axb5 38. Ne2 b4 39. Nd4
Re1 40. Nc6 b3 41. Nb4 Rh1 42. Bxb3 Rxh2 43. Nd3 Rh3+ 44. Ke2 h5 45. Bd5 Rg3
46. b4 Rg1 47. b5 Rb1 48. Bc6 h4 49. Kd2 h3 50. Kc2 Ra1 51. Kb2 Rd1 52. Kc3 Rb1
53. Nf2 h2 54. Kd4 Rb2 55. Nh1 Kg7 56. Kc5 Kg6 57. b6 Kf5 58. b7 Rc2+ 59. Kb6
Rb2+ 60. Bb5 1-0

[Event "Mästar Elit"]
[Site "Växjö"]
[Date "2008.07.11"]
[Round "13"]
[White "Nilsson, Sebastian"]
[Black "Wickström, Lucas"]
[Result "1/2-1/2"]
[ECO "B32"]
[WhiteElo "2215"]
[BlackElo "2090"]
[PlyCount "69"]
[TimeControl "40/7200:20/3600:1800"]

1. e4 c5 2. Nf3 Nc6 3. d4 cxd4 4. Nxd4 e5 5. Nb5 d6 6. N1c3 a6
7. Na3 b5 8. Nd5 Nf6 9. c4 b4 10. Nxf6+ Qxf6 11. Nc2 Qg6 12. Qd5 Bd7 13. g3 Rc8
14. Bg2 Be7 15. Be3 Be6 16. Qd3 f5 17. b3 O-O 18. Bh3 Qh5 19. Bxf5 Rxf5 20.
exf5 Bxf5 21. Qd2 Be4 22. Rg1 d5 23. cxd5 Nd4 24. Nxd4 exd4 25. Qxd4 Rc2 26.
Bd2 Bf3 27. Rc1 Bc5 28. Qd3 Qe5+ 29. Kf1 Be4 30. Qxa6 Rxc1+ 31. Bxc1 Qd4 32.
Qe6+ Kf8 33. Qc8+ Kf7 34. Qe6+ Kf8 35. Qc8+ 1/2-1/2

[Event "Mästar Elit"]
[Site "Växjö"]
[Date "2008.07.11"]
[Round "13"]
[White "Couso, Luis"]
[Black "Bejtovic, Jasmin"]
[Result "0-1"]
[ECO "E90"]
[WhiteElo "2314"]
[BlackElo "2364"]
[PlyCount "50"]
[TimeControl "40/7200:20/3600:1800"]

1. d4 Nf6 2. c4 g6 3. Nc3 Bg7 4. e4 O-O 5. Nf3 d6 6. h3 e5 7. d5 Na6 8. Bg5 Qe8
9. Be2 Nh5 10. g3 f5 11. exf5 gxf5 12. Nh4 Nf6 13. Qc2 Nb4 14. Qb3 a5 15. a3
Na6 16. Qc2 e4 17. Ng2 Nd7 18. O-O-O Ndc5 19. Kb1 Bd7 20. Qd2 Ba4 21. Nf4 Bxd1
22. Rxd1 e3 23. Qc2 Nb4 24. axb4 axb4 25. Bh5 Qb8 0-1

[Event "Mästar Elit"]
[Site "Växjö"]
[Date "2008.07.11"]
[Round "13"]
[White "Landgren, Andreas"]
[Black "Henriksson, Jacob"]
[Result "0-1"]
[ECO "E32"]
[WhiteElo "2198"]
[BlackElo "2241"]
[PlyCount "62"]
[TimeControl "40/7200:20/3600:1800"]

1. d4 Nf6 2. c4 e6 3. Nc3 Bb4 4. Qc2 O-O 5. a3 Bxc3+ 6. Qxc3 b6 7. Nf3 Ba6 8.
b4 d5 9. c5 c6 10. Bg5 Ne4 11. Bxd8 Nxc3 12. Bc7 bxc5 13. Bd6 Re8 14. Bxc5 Nd7
15. e3 Bxf1 16. Rxf1 Nxc5 17. bxc5 Rab8 18. Kd2 Ne4+ 19. Kc2 f6 20. Nd2 Nxd2
21. Kxd2 Rb2+ 22. Kc1 Reb8 23. g4 e5 24. h4 Kf7 25. h5 a5 26. f4 e4 27. a4 R8b3
28. g5 Re2 29. Rb1 Rexe3 30. Rxb3 Rxb3 31. Kc2 Rb4 0-1

[Event "Mästar Elit"]
[Site "Växjö"]
[Date "2008.07.11"]
[Round "13"]
[White "Lind, Jan-Olov"]
[Black "Semcesen, Daniel"]
[Result "1/2-1/2"]
[ECO "C44"]
[WhiteElo "2206"]
[BlackElo "2349"]
[PlyCount "181"]
[TimeControl "40/7200:20/3600:1800"]

1. e4 e5 2. Nf3 Nc6 3. Be2 Nf6 4. d3 g6 5. O-O Bg7 6. Re1 O-O 7. c3 a5 8. a4 d6
9. Bf1 h6 10. h3 Be6 11. Na3 Qe7 12. Nb5 Rad8 13. d4 exd4 14. Nfxd4 Nxd4 15.
Nxd4 Bc8 16. g3 Rfe8 17. Bd2 c6 18. Bg2 Qc7 19. Qc2 d5 20. Bf4 Qe7 21. exd5
Qxe1+ 22. Rxe1 Rxe1+ 23. Kh2 Nxd5 24. Qd2 Rde8 25. Bxh6 Bh8 26. Bf3 Kh7 27. Bg5
Bg7 28. Nc2 Rb1 29. Na3 Ra1 30. Nc4 Re6 31. Nxa5 Rxa4 32. Nb3 Ra2 33. Nd4 Re5
34. Bd1 Nxc3 35. Qxc3 Rxg5 36. Bb3 Ra1 37. Qc4 Rd5 38. Nf3 Raa5 39. h4 Be6 40.
Qf4 Rf5 41. Ng5+ Rxg5 42. Bxe6 fxe6 43. hxg5 e5 44. Qh4+ Kg8 45. Qc4+ Kh7 46.
b3 Rd5 47. Kg2 Bf8 48. Qg4 Rb5 49. Qd7+ Bg7 50. Qc8 Rb4 51. f3 Rb5 52. Kf1 Rb4
53. Ke2 c5 54. Qxc5 Rxb3 55. Qc4 Rb2+ 56. Kd3 b5 57. Qh4+ Kg8 58. Qe4 Kh7 59.
Kc3 Ra2 60. Kb3 Ra7 61. Qd3 Rf7 62. Kb4 Rf5 63. Qe4 Rf8 64. Kxb5 Rf5 65. Kc6
Rf8 66. Kd7 Rf5 67. Ke7 Rf8 68. Qc6 Rf5 69. Qa8 Bh8 70. Qa1 Bg7 71. Ke6 Kg8 72.
Qa3 Kh7 73. Qd3 Rf8 74. Qe4 Rf5 75. Ke7 Rf8 76. Qc6 Rf5 77. Qa8 Bh8 78. f4 Bg7
79. Qh1+ Kg8 80. Qe4 exf4 81. gxf4 Kh7 82. Ke6 Rf8 83. Qb4 Rf5 84. Qb8 Rf8 85.
Qd6 Rf5 86. Qd2 Rf8 87. Qh2+ Kg8 88. Qg3 Kh7 89. Qh3+ Kg8 90. Qd3 Kh7 91. Qh3+
1/2-1/2

[Event "Mästar Elit"]
[Site "Växjö"]
[Date "2008.07.11"]
[Round "13"]
[White "Jansson, Anders Owen"]
[Black "Vas, Peter"]
[Result "0-1"]
[ECO "D37"]
[WhiteElo "2189"]
[BlackElo "2196"]
[PlyCount "123"]
[TimeControl "40/7200:20/3600:1800"]

1. Nf3 d5 2. d4 Nf6 3. c4 e6 4. Nc3 Nbd7 5. Bf4 c6 6. e3 Nh5 7. Bg5 Be7 8. Bxe7
Qxe7 9. Be2 Nhf6 10. O-O dxc4 11. Bxc4 e5 12. Qb3 O-O 13. Rae1 e4 14. Nd2 Nb6
15. Be2 Bf5 16. f3 exf3 17. Bxf3 Bd3 18. Rf2 Rad8 19. Ne2 Bb5 20. Ng3 g6 21.
Nde4 Nxe4 22. Nxe4 Ba4 23. Qc3 Nd5 24. Qc5 Bb5 25. Qxe7 Nxe7 26. b3 b6 27. a4
Ba6 28. Nc3 Bb7 29. Rc2 Rfe8 30. b4 Kf8 31. Kf2 Nd5 32. Nxd5 cxd5 33. Rec1 Ke7
34. g4 h6 35. h4 Kd6 36. Rc7 Rd7 37. Rxd7+ Kxd7 38. g5 hxg5 39. hxg5 Kd6 40.
Bg4 Re7 41. Kf3 Bc6 42. b5 Bd7 43. Bxd7 Kxd7 44. Rc6 Re6 45. Rc2 Re8 46. Rc3
Rh8 47. Rc6 Rh1 48. a5 bxa5 49. Ra6 Ra1 50. Rxa7+ Ke6 51. Ra6+ Kf5 52. b6 Rf1+
53. Ke2 Rb1 54. Rxa5 Ke4 55. Ra7 Rb2+ 56. Kd1 Kxe3 57. Rxf7 Rxb6 58. Rf6 Rb4
59. Rxg6 Rxd4+ 60. Ke1 Rg4 61. Kd1 Rd4+ 62. Kc2 {
Oläsligt protokoll. Rest unreadable} 0-1

[Event "Mästar Elit"]
[Site "Växjö"]
[Date "2008.07.11"]
[Round "13"]
[White "Glimbrant, Torbjörn"]
[Black "Evertsson, Lennart"]
[Result "1-0"]
[ECO "C11"]
[WhiteElo "2228"]
[BlackElo "2170"]
[PlyCount "101"]
[TimeControl "40/7200:20/3600:1800"]

1. e4 e6 2. d4 d5 3. Nc3 Nf6 4. e5 Nfd7 5. f4 c5 6. Nf3 Nc6 7. Be3 a6 8. Qd2 b5
9. dxc5 Nxc5 10. a3 Be7 11. Nd4 Bb7 12. Rd1 Rc8 13. Bd3 Qc7 14. O-O Nxd3 15.
cxd3 b4 16. axb4 Bxb4 17. Rc1 O-O 18. Kh1 Qb8 19. Qf2 Ne7 20. Qh4 a5 21. Rf3
Ba6 22. Rh3 Bxd3 23. f5 Rfd8 24. Bg5 Qxe5 25. Bxe7 Bxf5 26. Nxf5 Qxf5 27. Bxd8
Rc4 28. Qe1 d4 29. Qf1 dxc3 30. Qxf5 exf5 31. bxc3 a4 32. Re3 f6 33. Ree1 Bd6
34. Be7 Be5 35. Bb4 Rh4 36. h3 g5 37. Kg1 g4 38. hxg4 fxg4 39. Kf2 Rh5 40. Ke2
Rh2 41. Kf2 Rh5 42. Ra1 Rf5+ 43. Ke2 Bg3 44. Rf1 Re5+ 45. Kd3 Kf7 46. Rxa4 Rd5+
47. Kc2 h5 48. c4 Rd4 49. Bc3 Rd6 50. Ra5 Kg6 51. Rxf6+ 1-0